 Dungeon Crawl Stone Soup version 0.29.0-11-gd7f09526c8 (webtiles) character file.

Game seed: 14983130957883830617

30 Ordine the Slasher (level 3, -1/23 HPs)
             Began as a Tengu Monk on Sept 3, 2022.
             Slain by an orc
             ... wielding a +0 club
              (3 damage)
             ... on level 2 of the Dungeon.
             The game lasted 00:01:57 (1135 turns).

Ordine the Slasher (Tengu Monk)                     Turns: 1135, Time: 00:01:58

Health: -1/23      AC:  2    Str: 11    XL:     3   Next: 18%
Magic:  4/4        EV: 13    Int: 10    God:
Gold:   76         SH:  0    Dex: 18    Spells: 2/2 levels left

rFire   . . .      SeeInvis .   a - +0 falchion
rCold   . . .      Faith    .   (no shield)
rNeg    . . .      Spirit   .   b - +0 robe
rPois   .          Reflect  .   (helmet restricted)
rElec   .          Harm     .   (no cloak)
rCorr   .          Rampage  .   (no gloves)
Will    .....                   (boots unavailable)
Stlth   ++........              (no amulet)
HPRegen 0.07/turn               (no ring)
MPRegen 0.09/turn               (no ring)

@: no status effects
A: beak, talons 3
a: no special abilities


You were on level 2 of the Dungeon.
You visited 1 branch of the dungeon, and saw 2 of its levels.

You collected 76 gold pieces.

Inventory:

Hand Weapons
 a - a +0 falchion (weapon)
Missiles
 f - 6 boomerangs (quivered)
Armour
 b - a +0 robe (worn)
Scrolls
 d - a scroll of blinking {unknown}
 i - 2 scrolls of teleportation {unknown}
 j - a scroll of noise {unknown}
 k - 2 scrolls of identify {unknown}
 l - a scroll of fear {unknown}
 m - a scroll of vulnerability {unknown}
 o - a scroll of amnesia {unknown}
Potions
 c - 2 potions of ambrosia
 e - a potion of curing
 g - a potion of degeneration {unknown}
 h - a potion of invisibility {unknown}
 n - a potion of heal wounds {unknown}


   Skills:
 + Level 3.4 Fighting
 * Level 4.2 Long Blades
 - Level 3.2 Dodging
 - Level 2.0 Stealth


You had 2 spell levels left.
You didn't know any spells.
Your spell library contained the following spells:

 Spells                   Type           Power      Damage    Failure   Level
 Apportation              Tloc           0%         N/A       36%         1
 Necrotise                Necr           0%         1d4       36%         1
 Summon Small Mammal      Summ           0%         N/A       36%         1


Dungeon Overview and Level Annotations

Branches:
Dungeon (2/15)

Altars:


Innate Abilities, Weirdness & Mutations

You have a beak for a mouth.
You have claws for feet.


Message History

You are more poisoned.
The adder poisons you!
It was a potion of curing.
You feel better. The adder closely misses you.
You hit the adder. Your kick misses the adder.
The adder is heavily wounded.
The adder misses you. The adder bites you.
You barely miss the adder. Your kick misses the adder.
The adder is heavily wounded.
The adder misses you.
You hit the adder.
The adder is severely wounded.
The adder barely misses you. The adder bites you.
You barely miss the adder. Your peck misses the adder.
The adder is severely wounded.
The adder completely misses you.
You hit the adder.
You kill the adder!
The hobgoblin hits you but does no damage.
You have reached level 3!
Your experience leads to an increase in your attributes!
Increase (S)trength, (I)ntelligence, or (D)exterity?
You feel agile. x2
You hit the hobgoblin.
The hobgoblin is lightly wounded.
The hobgoblin hits you.
* * * LOW HITPOINT WARNING * * *
You barely miss the hobgoblin. You claw the hobgoblin.
You kill the hobgoblin!
You closely miss the orc. You claw the orc.
The orc is severely wounded.
The orc hits you with a +0 club.
* * * LOW HITPOINT WARNING * * *
You hit the orc but do no damage. Your kick misses the orc.
Your peck misses the orc.
The orc is severely wounded.
The orc hits you but does no damage.
You barely miss the orc.
The orc is severely wounded.
The orc hits you with a +0 club.
You die...

........##############........###
........# #.####<..... ......#†#
#........... ......#.#
######...... ......#.#####
#..#### ....#.#.....# ###.##
......#.....# ########...#
##..###.....######..........#
...## #.).......@o..........#
#### #.....######..........#
#.....# #.<........# # #.....#
#..........###..
##################...............
......... .......................
#.####### ..................###..
#.##..... ########..........# ##
.....##### #..........#


You could see an orc.

Vanquished Creatures
  An adder (D:2)
  3 ball pythons (D:1)
  3 endoplasms
  A giant cockroach (D:2)
  2 hobgoblins
  4 jackals (D:2)
  2 bats
  A goblin (D:1)
  2 rats (D:1)
19 creatures vanquished.

Notes
Turn   | Place    | Note
-------+----------+-------------------------------------------
     0 | D:1      | Ordine the Tengu Monk began the quest for the Orb.
     0 | D:1      | Reached XP level 1. HP: 14/14 MP: 2/2
   341 | D:1      | Reached XP level 2. HP: 19/19 MP: 3/3
   797 | D:2      | Found a faded altar of an unknown god.
   892 | D:2      | Reached skill level 4 in Long Blades
  1131 | D:2      | Reached XP level 3. HP: 7/23 MP: 4/4
  1135 | D:2      | Slain by an orc

Illustrated notes

Levels and vault maps discovered:
D:1:      ebering_trefoil_twist, layout_basic, chequers_decorated_corner
D:2:      layout_rooms, shapermc_ecumenical_altar_notcrosses

Skill      XL: |  1  2 |
---------------+-------+-----
Long Blades    | 4 |  4.2
Fighting       | |  3.4
Dodging        | |  3.2
Stealth        | |  2.0

Action                   || total
-------------------------++-------
Melee: Falchion          ||    42
       Kick              ||     6
       Peck              ||     2
  Use: Potion            ||     1
 Stab: Sleeping          ||     3
Armor: Robe              ||     6
Dodge: Dodged            ||    37
